[ AOE2 MATCH · #494666049 ]
UnrankedPoles vs Shu
Player's team · WIN
Rival team · LOSS
[ REPLAY ANALYSIS · EXTRACTED FROM THE RECORDED GAME ]
Feudal
8:26
Castle
23:47
Imperial
—
| APM avg | 56.4 |
| APM peak | 96 |
| eAPM avg | 23.4 |
| Villagers / military | 73 / 20 |
Focus
⚔️ 40.3% · 🌾 59.7%
Scout Cavalry ×13 · Monk ×4 · Mangonel ×3
Feudal
9:40
Castle
13:37
Imperial
—
| APM avg | 57.5 |
| APM peak | 114 |
| eAPM avg | 22.6 |
| Villagers / military | 81 / 6 |
Focus
⚔️ 38.7% · 🌾 61.3%
Unknown (1962) ×8 · Mangonel ×6
Match map
Initial resources + every placement click. Lines = walls · curves = elevation contours. ◆ gold · ⬟ stone · ● berries · ✦ relic · ◌ wall gap
Your base· ✓ Closed at 23:47 · 72t walls · no gate
RedPhosphoru's base· Open — 2t gap
Smoothed initial terrain · ◌ = detected wall gap · hover for details
Inputs per minute
— Biry - - RedPhosphoru
Build order — Biry
First 150 of 214 actions detected
| 0:01 | Create | Villager (Male) |
| 0:01 | Create | Villager (Male) |
| 0:01 | Create | Villager (Male) |
| 0:01 | Create | Villager (Male) |
| 0:02 | Create | Villager (Male) |
| 0:02 | Build | House |
| 0:03 | Build | House |
| 1:30 | Create | Villager (Male) |
| 1:54 | Create | Villager (Male) |
| 1:54 | Create | Villager (Male) |
| 1:57 | Build | Mill |
| 2:14 | Create | Villager (Male) |
| 2:14 | Create | Villager (Male) |
| 2:38 | Create | Villager (Male) |
| 2:38 | Create | Villager (Male) |
| 3:07 | Create | Villager (Male) |
| 3:07 | Create | Villager (Male) |
| 3:07 | Create | Villager (Male) |
| 3:27 | Create | Villager (Male) |
| 3:27 | Create | Villager (Male) |
| 3:35 | Create | Villager (Male) |
| 3:36 | Create | Villager (Male) |
| 4:05 | Create | Villager (Male) |
| 4:06 | Create | Villager (Male) |
| 4:34 | Create | Villager (Male) |
| 4:34 | Create | Villager (Male) |
| 4:35 | Create | Villager (Male) |
| 4:53 | Build | Lumber Camp |
| 5:20 | Create | Villager (Male) |
| 6:16 | Research | Feudal Age |
| 6:16 | Research | Feudal Age |
| 7:23 | Build | Barracks |
| 7:49 | Build | House |
| 8:20 | Create | Villager (Male) |
| 8:26 | Age | Feudal Age |
| 8:31 | Build | Stable |
| 8:34 | Research | Loom |
| 8:45 | Research | Double-Bit Axe |
| 9:08 | Build | Watch Tower |
| 9:11 | Create | Villager (Male) |
| 9:33 | Create | Scout Cavalry |
| 9:38 | Build | House |
| 9:44 | Create | Villager (Male) |
| 9:54 | Create | Villager (Male) |
| 9:58 | Build | Palisade Wall |
| 9:58 | Build | Palisade Wall |
| 9:59 | Build | Palisade Wall |
| 9:59 | Build | Palisade Wall |
| 10:00 | Build | Palisade Wall |
| 10:13 | Build | Mill |
| 10:16 | Create | Scout Cavalry |
| 10:21 | Build | House |
| 10:34 | Create | Villager (Male) |
| 10:42 | Build | House |
| 11:01 | Build | House |
| 11:03 | Create | Villager (Male) |
| 11:03 | Create | Villager (Male) |
| 11:16 | Create | Scout Cavalry |
| 11:19 | Build | House |
| 11:27 | Create | Villager (Male) |
| 11:27 | Create | Villager (Male) |
| 11:30 | Build | Farm |
| 11:47 | Build | Mining Camp |
| 11:52 | Create | Villager (Male) |
| 11:56 | Build | Farm |
| 12:21 | Create | Villager (Male) |
| 12:35 | Build | Watch Tower |
| 12:39 | Create | Villager (Male) |
| 12:46 | Build | Stone Wall |
| 12:51 | Create | Scout Cavalry |
| 12:57 | Build | House |
| 13:07 | Build | Farm |
| 13:10 | Create | Villager (Male) |
| 13:16 | Build | Stone Wall |
| 13:31 | Create | Villager (Male) |
| 13:34 | Build | Stone Wall |
| 13:39 | Build | Palisade Wall |
| 13:51 | Create | Villager (Male) |
| 14:01 | Build | Stone Wall |
| 14:21 | Create | Villager (Male) |
| 14:32 | Build | Farm |
| 14:33 | Build | Farm |
| 14:34 | Build | Farm |
| 14:44 | Create | Villager (Male) |
| 14:49 | Research | Horse Collar |
| 14:49 | Research | Horse Collar |
| 14:54 | Build | Blacksmith |
| 14:59 | Create | Villager (Male) |
| 15:23 | Create | Villager (Male) |
| 15:27 | Build | Farm |
| 15:38 | Build | Watch Tower |
| 15:54 | Create | Villager (Male) |
| 16:09 | Build | Farm |
| 16:16 | Build | Watch Tower |
| 16:37 | Create | Villager (Male) |
| 16:50 | Create | Villager (Male) |
| 17:03 | Create | Villager (Male) |
| 17:06 | Build | Market |
| 17:19 | Create | Villager (Male) |
| 17:24 | Build | Stone Wall |
| 17:29 | Create | Villager (Male) |
| 17:54 | Build | House |
| 17:55 | Build | Stone Wall |
| 18:03 | Build | Stone Wall |
| 18:06 | Build | House |
| 18:14 | Build | Stone Wall |
| 18:15 | Build | Stone Wall |
| 18:16 | Build | Stone Wall |
| 18:16 | Build | Stone Wall |
| 18:18 | Research | Fletching |
| 18:22 | Build | House |
| 18:30 | Build | Watch Tower |
| 18:36 | Build | House |
| 18:42 | Build | House |
| 18:45 | Build | House |
| 19:33 | Build | Lumber Camp |
| 20:30 | Build | Watch Tower |
| 20:46 | Build | Watch Tower |
| 21:07 | Research | Castle Age |
| 21:07 | Research | Castle Age |
| 21:08 | Research | Castle Age |
| 21:20 | Build | Stone Wall |
| 21:25 | Build | Mining Camp |
| 21:33 | Create | Scout Cavalry |
| 21:36 | Build | Farm |
| 22:11 | Create | Scout Cavalry |
| 22:30 | Build | Watch Tower |
| 22:34 | Create | Scout Cavalry |
| 22:54 | Build | Farm |
| 22:56 | Build | Farm |
| 23:07 | Build | Watch Tower |
| 23:15 | Create | Scout Cavalry |
| 23:19 | Research | Bloodlines |
| 23:23 | Build | Palisade Wall |
| 23:24 | Build | Palisade Wall |
| 23:24 | Build | Palisade Wall |
| 23:24 | Build | Palisade Wall |
| 23:25 | Build | Palisade Wall |
| 23:25 | Build | Palisade Wall |
| 23:26 | Build | Palisade Wall |
| 23:47 | Age | Castle Age |
| 23:51 | Research | Bodkin Arrow |
| 23:57 | Build | Siege Workshop |
| 24:10 | Create | Villager (Male) |
| 24:22 | Research | Light Cavalry (upgrade) |
| 24:22 | Research | Light Cavalry (upgrade) |
| 24:23 | Create | Villager (Male) |
| 24:23 | Create | Villager (Male) |
| 24:25 | Build | Farm |
| 24:38 | Create | Villager (Male) |
Build order — RedPhosphoru
First 150 of 199 actions detected
| 0:00 | Create | Villager (Male) |
| 0:00 | Create | Villager (Male) |
| 0:02 | Build | House |
| 0:03 | Build | House |
| 0:08 | Create | Villager (Male) |
| 0:10 | Create | Villager (Male) |
| 1:14 | Create | Villager (Male) |
| 1:52 | Create | Villager (Male) |
| 2:10 | Create | Villager (Male) |
| 2:12 | Build | Lumber Camp |
| 2:25 | Create | Villager (Male) |
| 2:48 | Create | Villager (Male) |
| 2:59 | Create | Villager (Male) |
| 3:20 | Create | Villager (Male) |
| 3:24 | Build | House |
| 3:25 | Build | House |
| 3:48 | Create | Villager (Male) |
| 3:50 | Build | Palisade Wall |
| 3:56 | Build | Palisade Wall |
| 4:09 | Create | Villager (Male) |
| 4:19 | Create | Villager (Male) |
| 4:56 | Build | Mill |
| 5:05 | Create | Villager (Male) |
| 5:26 | Create | Villager (Male) |
| 5:30 | Build | Palisade Wall |
| 5:32 | Build | Palisade Wall |
| 5:33 | Build | Palisade Wall |
| 5:33 | Build | Palisade Wall |
| 5:39 | Build | Palisade Wall |
| 5:45 | Create | Villager (Male) |
| 6:52 | Research | Loom |
| 6:57 | Build | Palisade Wall |
| 6:58 | Build | Palisade Wall |
| 6:59 | Build | Palisade Wall |
| 6:59 | Build | Palisade Wall |
| 7:29 | Research | Feudal Age |
| 7:39 | Build | Palisade Wall |
| 8:05 | Create | Villager (Male) |
| 8:05 | Create | Villager (Male) |
| 9:40 | Age | Feudal Age |
| 9:49 | Build | Market |
| 9:52 | Build | Blacksmith |
| 10:30 | Build | Palisade Wall |
| 10:48 | Build | Palisade Wall |
| 10:57 | Research | Castle Age |
| 11:02 | Build | House |
| 11:07 | Build | House |
| 11:10 | Build | Palisade Wall |
| 11:23 | Build | Palisade Wall |
| 11:37 | Build | Mining Camp |
| 12:17 | Build | Farm |
| 12:19 | Build | Farm |
| 12:26 | Build | Farm |
| 12:31 | Create | Villager (Male) |
| 13:21 | Build | Palisade Wall |
| 13:37 | Age | Castle Age |
| 13:43 | Build | Siege Workshop |
| 13:45 | Create | Villager (Male) |
| 14:06 | Create | Unit 1962 |
| 14:11 | Build | House |
| 14:24 | Create | Villager (Male) |
| 14:29 | Create | Unit 1962 |
| 14:31 | Create | Villager (Male) |
| 14:44 | Build | Palisade Wall |
| 15:14 | Build | Lumber Camp |
| 15:25 | Create | Villager (Male) |
| 15:33 | Create | Unit 1962 |
| 15:43 | Build | Farm |
| 15:45 | Build | Farm |
| 16:17 | Create | Villager (Male) |
| 16:33 | Create | Unit 1962 |
| 16:36 | Create | Villager (Male) |
| 16:38 | Build | House |
| 16:59 | Create | Villager (Male) |
| 17:15 | Build | Farm |
| 17:16 | Build | Farm |
| 17:24 | Build | Palisade Wall |
| 17:50 | Create | Villager (Male) |
| 18:04 | Build | Palisade Wall |
| 18:12 | Create | Unit 1962 |
| 18:29 | Create | Villager (Male) |
| 18:56 | Create | Unit 1962 |
| 18:56 | Create | Unit 1962 |
| 18:58 | Create | Villager (Male) |
| 19:03 | Create | Villager (Male) |
| 19:23 | Build | Town Center |
| 19:36 | Create | Villager (Male) |
| 19:57 | Create | Unit 1962 |
| 20:14 | Create | Villager (Male) |
| 20:21 | Build | House |
| 20:43 | Create | Villager (Male) |
| 20:50 | Build | House |
| 21:15 | Create | Villager (Male) |
| 21:20 | Build | Farm |
| 21:45 | Create | Villager (Male) |
| 21:48 | Build | Farm |
| 21:59 | Build | House |
| 22:22 | Create | Villager (Male) |
| 22:50 | Build | Farm |
| 22:50 | Build | Farm |
| 22:50 | Build | Farm |
| 22:51 | Build | Farm |
| 22:51 | Build | Farm |
| 22:54 | Create | Villager (Male) |
| 22:55 | Create | Villager (Male) |
| 22:55 | Create | Villager (Male) |
| 22:55 | Create | Villager (Male) |
| 23:07 | Build | Palisade Gate |
| 23:21 | Create | Villager (Male) |
| 23:26 | Build | Lumber Camp |
| 23:48 | Create | Villager (Male) |
| 23:54 | Create | Villager (Male) |
| 24:01 | Research | Double-Bit Axe |
| 24:01 | Research | Double-Bit Axe |
| 24:08 | Create | Villager (Male) |
| 24:26 | Create | Villager (Male) |
| 24:31 | Build | Lumber Camp |
| 24:48 | Create | Villager (Male) |
| 24:52 | Build | Farm |
| 24:54 | Build | Farm |
| 24:56 | Create | Villager (Male) |
| 25:03 | Build | House |
| 25:05 | Build | Palisade Wall |
| 25:05 | Build | Palisade Wall |
| 25:06 | Build | Palisade Wall |
| 25:06 | Build | Palisade Wall |
| 25:07 | Build | Palisade Wall |
| 25:07 | Build | Palisade Wall |
| 25:10 | Build | Palisade Wall |
| 25:16 | Create | Villager (Male) |
| 25:16 | Create | Villager (Male) |
| 25:30 | Create | Villager (Male) |
| 25:39 | Create | Villager (Male) |
| 25:39 | Create | Villager (Male) |
| 25:39 | Create | Villager (Male) |
| 25:51 | Create | Villager (Male) |
| 25:57 | Create | Villager (Male) |
| 26:02 | Build | Farm |
| 26:03 | Build | Farm |
| 26:07 | Build | Farm |
| 26:27 | Create | Villager (Male) |
| 26:30 | Create | Villager (Male) |
| 26:48 | Create | Villager (Male) |
| 27:16 | Create | Villager (Male) |
| 27:16 | Create | Villager (Male) |
| 27:29 | Build | Mill |
| 27:30 | Build | Farm |
| 27:30 | Build | Farm |
| 27:30 | Build | Farm |
| 27:30 | Build | Farm |
Match timeline
| 3:50 | RedPhosphoru · wall_segment Palisade Wall x1 |
| 3:56 | RedPhosphoru · wall_segment Palisade Wall x1 |
| 5:30 | RedPhosphoru · wall_segment Palisade Wall x1 |
| 5:32 | RedPhosphoru · wall_segment Palisade Wall x1 |
| 5:33 | RedPhosphoru · wall_segment Palisade Wall x1 |
| 5:33 | RedPhosphoru · wall_segment Palisade Wall x1 |
| 5:39 | RedPhosphoru · wall_segment Palisade Wall x1 |
| 6:57 | RedPhosphoru · wall_segment Palisade Wall x1 |
| 6:58 | RedPhosphoru · wall_segment Palisade Wall x1 |
| 6:59 | RedPhosphoru · wall_segment Palisade Wall x1 |
| 6:59 | RedPhosphoru · wall_segment Palisade Wall x1 |
| 7:23 | Biry · first_building Barracks |
| 7:39 | RedPhosphoru · wall_segment Palisade Wall x3 |
| 8:26 | Biry · age_up feudal |
| 8:31 | Biry · first_building Stable |
| 9:40 | RedPhosphoru · age_up feudal |
| 9:58 | Biry · wall_segment Palisade Wall x1 |
| 9:58 | Biry · wall_segment Palisade Wall x1 |
| 9:59 | Biry · wall_segment Palisade Wall x1 |
| 9:59 | Biry · wall_segment Palisade Wall x1 |
| 10:00 | Biry · wall_segment Palisade Wall x1 |
| 10:30 | RedPhosphoru · wall_segment Palisade Wall x6 |
| 10:48 | RedPhosphoru · wall_segment Palisade Wall x1 |
| 10:56 | RedPhosphoru · first_market_sell 100 stone |
| 11:10 | RedPhosphoru · wall_segment Palisade Wall x1 |
| 11:23 | RedPhosphoru · wall_segment Palisade Wall x8 |
| 12:46 | Biry · wall_segment Stone Wall x5 |
| 13:16 | Biry · wall_segment Stone Wall x18 |
| 13:17 | RedPhosphoru · first_market_buy 100 wood |
| 13:21 | RedPhosphoru · wall_segment Palisade Wall x1 |
| 13:34 | Biry · wall_segment Stone Wall x5 |
| 13:37 | RedPhosphoru · age_up castle |
| 13:39 | Biry · wall_segment Palisade Wall x1 |
| 13:43 | RedPhosphoru · first_building Siege Workshop |
| 14:01 | Biry · wall_segment Stone Wall x18 |
| 14:44 | RedPhosphoru · wall_segment Palisade Wall x1 |
| 17:24 | Biry · wall_segment Stone Wall x7 |
| 17:24 | RedPhosphoru · wall_segment Palisade Wall x1 |
| 17:55 | Biry · wall_segment Stone Wall x1 |
| 18:03 | Biry · wall_segment Stone Wall x1 |
| 18:04 | RedPhosphoru · wall_segment Palisade Wall x1 |
| 18:14 | Biry · wall_segment Stone Wall x1 |
| 18:15 | Biry · wall_segment Stone Wall x1 |
| 18:16 | Biry · wall_segment Stone Wall x1 |
| 18:16 | Biry · wall_segment Stone Wall x1 |
| 20:01 | Biry · first_market_buy 100 food |
| 21:07 | Biry · first_market_sell 100 wood |
| 21:20 | Biry · wall_segment Stone Wall x1 |
| 23:23 | Biry · wall_segment Palisade Wall x1 |
| 23:24 | Biry · wall_segment Palisade Wall x1 |
| 23:24 | Biry · wall_segment Palisade Wall x1 |
| 23:24 | Biry · wall_segment Palisade Wall x1 |
| 23:25 | Biry · wall_segment Palisade Wall x1 |
| 23:25 | Biry · wall_segment Palisade Wall x1 |
| 23:26 | Biry · wall_segment Palisade Wall x1 |
| 23:47 | Biry · age_up castle |
| 23:57 | Biry · first_building Siege Workshop |
| 25:05 | RedPhosphoru · wall_segment Palisade Wall x2 |
| 25:05 | RedPhosphoru · wall_segment Palisade Wall x1 |
| 25:06 | RedPhosphoru · wall_segment Palisade Wall x1 |
| 25:06 | RedPhosphoru · wall_segment Palisade Wall x1 |
| 25:07 | RedPhosphoru · wall_segment Palisade Wall x1 |
| 25:07 | RedPhosphoru · wall_segment Palisade Wall x1 |
| 25:10 | RedPhosphoru · wall_segment Palisade Wall x6 |
| 25:13 | Biry · wall_segment Palisade Wall x1 |
| 25:13 | Biry · wall_segment Palisade Wall x1 |
| 25:13 | Biry · wall_segment Palisade Wall x1 |
| 25:14 | Biry · wall_segment Palisade Wall x1 |
| 27:49 | RedPhosphoru · wall_segment Palisade Wall x1 |
| 28:37 | Biry · first_building Monastery |
| 31:02 | Biry · wall_segment Stone Wall x1 |
| 32:31 | Biry · first_building Archery Range |
| 32:54 | RedPhosphoru · resign |
[ AI ANALYSIS · 1 CREDIT ]
What really happened in this match?
Wolo.gg analyzes every decision: build order, eco, micro, common mistakes by bracket. Personalized analysis on WhatsApp or Discord in 30 seconds.
Civ guide
Poles
Perfil
Jugador #23053479